 Dungeon Crawl Stone Soup version 0.31.0-12-g77e489cdc1 (webtiles) character file.

Game seed: 15525623012354142843

124 jimonade the Chopper (level 5, -1/45 HPs)
             Began as a Hill Orc Monk on Feb 28, 2024.
             Slain by an orc
             ... wielding a +0 trident
              (5 damage)
             ... on level 3 of the Dungeon.
             The game lasted 00:04:46 (2353 turns).

jimonade the Chopper (Hill Orc Monk)                Turns: 2353, Time: 00:04:47

Health: -1/45      AC:  3    Str: 16    XL:     5   Next: 8%
Magic:  5/5        EV: 12    Int: 10    God:
Gold:   165        SH:  0    Dex: 13    Spells: 4/4 levels left

rFire   . . .        a - +0 war axe
rCold   . . .        d - orb {light}
rNeg    . . .        l - +0 leather armour
rPois   .            (no helmet)
rElec   .            (no cloak)
rCorr   .            (no gloves)
SInv    .            (no boots)
Will    +....        (no amulet)
Stlth   +            k - ring of willpower
HPRegen 0.27/turn    (no ring)
MPRegen 0.09/turn

%: no passive effects
@: glowing
A: no striking features
a: no special abilities


You were on level 3 of the Dungeon.
You visited 1 branch of the dungeon, and saw 3 of its levels.

You collected 165 gold pieces.

Inventory:

Hand Weapons
 a - a +0 war axe (weapon)
 b - a +3 dagger of draining
 t - a +0 mace
 w - a +0 hand axe
Missiles
 o - 2 poisoned darts (quivered)
 r - 34 stones
Armour
 d - an orb of light (worn)
 i - a +0 robe
 l - a +0 leather armour (worn)
Jewellery
 k - a ring of willpower (left hand)
Wands
 n - a wand of iceblast (13)
Scrolls
 e - a scroll of enchant armour {unknown}
 f - 3 scrolls of fear {unknown}
 g - a scroll of teleportation {unknown}
 j - a scroll of revelation {unknown}
 u - a scroll of brand weapon {unknown}
 v - 2 scrolls of identify {unknown}
Potions
 c - a potion of ambrosia
 h - a potion of degeneration {unknown}
 m - a potion of curing {unknown}
 p - a potion of lignification {unknown}
 q - a potion of might {unknown}
 s - a potion of haste {unknown}
 x - a potion of heal wounds {unknown}
 z - a potion of invisibility {unknown}
 A - a potion of attraction {unknown}


   Skills:
 - Level 3.6 Fighting
 + Level 7.4 Axes
 - Level 2.4 Dodging


You had 4 spell levels left.
You didn't know any spells.
Your spell library contained the following spells:

 Spells                   Type           Power      Damage    Failure   Level
 Inner Flame              Hex/Fire       0%         N/A       80%         3
 Flame Wave               Conj/Fire      0%         2d4       99%         4
 Sticky Flame             Fire/Alch      0%         2d4       99%         4


Dungeon Overview and Level Annotations

Branches:
Dungeon (3/15) Zot: 15637

Altars:


Message History

The giant cockroach is heavily wounded.
The giant cockroach misses you.
You slash the giant cockroach!
You kill the giant cockroach!
No target in view!
No target in view!
Found a stone staircase leading down.
You see here a rat corpse.
You now have 137 gold pieces (gained 2).
z - a red potion You now have 148 gold pieces (gained 11).
A - a blue potion You now have 154 gold pieces (gained 6).
Found a stone staircase leading up.
A ribbon worm comes into view.
A ribbon worm is nearby!
You slash the ribbon worm!
The ribbon worm is heavily wounded.
The ribbon worm bites you.
You hit the ribbon worm.
The ribbon worm is severely wounded.
You hit the ribbon worm.
The ribbon worm is almost dead.
The ribbon worm bites you.
You hit the ribbon worm.
You kill the ribbon worm!
An adder comes into view.
You see here 11 gold pieces.
You now have 165 gold pieces (gained 11).
The adder barely misses you.
You slash the adder!
You kill the adder!
No target in view!
No target in view!
You see here an adder corpse.
An orc wizard comes into view. It is wielding a +0 dagger.
The orc wizard shouts!
An orc comes into view. It is wielding a +0 trident.
Found a stone staircase leading down.
The orc shouts!
You hear a shout!
An orc comes into view. It is wielding a +0 short sword.
Found a peridot ring.
An orc comes into view. It is wielding a +0 short sword.
The orc wizard misses you.
An orc comes into view. It is wielding a +0 hand axe.
You closely miss the orc wizard.
The orc shouts!
The orc wizard closely misses you.
You hit the orc wizard but do no damage.
The orc wizard mumbles some strange words.
The orc wizard flickers and vanishes for a moment.
The orc wizard hits you with a +0 dagger.
The orc hits you from afar with a +0 trident.
You hit the orc wizard.
The orc wizard is moderately wounded.
You slash the orc!
You kill the orc!
The orc hits you from afar with a +0 trident.
The orc wizard barely misses you.
Your Axes skill increases to level 7!
You closely miss the orc wizard.
The orc wizard is moderately wounded.
The orc hits you from afar with a +0 trident!
The orc wizard hits you but does no damage.
You hit the orc wizard but do no damage.
The orc wizard is moderately wounded.
You hit the orc. The orc misses you. x2
The orc misses you. x2; The orc closely misses you.
The orc wizard casts a spell at you. The magic dart hits you.
You slash the orc wizard!
You kill the orc wizard!
You hit the orc but do no damage. You barely miss the orc.
The orc barely misses you.
The orc hits you from afar with a +0 trident.
* * * LOW HITPOINT WARNING * * *
The orc hits you with a +0 short sword.
* * * LOW HITPOINT WARNING * * *
You have reached level 5!
You feel stronger.
You hit the orc but do no damage.
The orc is heavily wounded.
You barely miss the orc. The orc misses you. The orc closely misses you.
The orc hits you with a +0 short sword.
* * * LOW HITPOINT WARNING * * *
You hit the orc but do no damage.
The orc is heavily wounded.
You slash the orc!
You kill the orc!
The orc barely misses you. x2; The orc completely misses you.
The orc misses you.
You slash the orc!
You kill the orc!
The orc hits you from afar with a +0 trident!
* * * LOW HITPOINT WARNING * * *
The orc hits you with a +0 trident.
* * * LOW HITPOINT WARNING * * *
Items here: )) [ †.
You hit the orc but do no damage. The orc hits you with a +0 trident.
You die...

##### # #...# #.
#...# #.##...+
.. ......#
....##....#
......o)..#
.=..###@..######
........)...>..#
##.####....#.###
..........# #
..........#
......#+#.#
...... #†#
...... #.#.#
...... #.#.#


You could see an orc.

Vanquished Creatures
  An orc wizard (D:3)
  An adder (D:3)
  2 dart slugs (D:1)
  A ribbon worm (D:3)
  4 orcs (D:3)
  2 endoplasms
  3 giant cockroaches
  7 hobgoblins
  7 jackals
  16 kobolds
  A quokka (D:1)
  4 ball pythons
  6 bats
  4 frilled lizards
  6 goblins
  9 rats
74 creatures vanquished.

Notes
Turn   | Place    | Note
-------+----------+-------------------------------------------
     0 | D:1      | jimonade the Hill Orc Monk began the quest for the Orb.
     0 | D:1      | Reached XP level 1. HP: 19/19 MP: 1/1
   121 | D:1      | Reached XP level 2. HP: 19/26 MP: 2/2
   232 | D:1      | Reached skill level 5 in Axes
   447 | D:1      | Reached XP level 3. HP: 29/30 MP: 3/3
   721 | D:1      | You fall into a shaft and drop 1 floor!
   845 | D:2      | Reached skill level 6 in Axes
  1098 | D:2      | Reached XP level 4. HP: 39/39 MP: 4/4
  2345 | D:3      | Reached skill level 7 in Axes
  2349 | D:3      | Reached XP level 5. HP: 12/45 MP: 5/5
  2353 | D:3      | Slain by an orc

Illustrated notes

Levels and vault maps discovered:
D:1:      mrwooster_arrival_statue, layout_loops_ring,
          chequers_serial_rivers_micro_a, roderic_filled_cross,
          lexackson_kobold_supper
D:2:      layout_basic, minmay_close_crescents
D:3:      layout_basic, nicolae_dithmenos_through_a_glass_darkly

Skill      XL: |  1  2  3  4 |
---------------+-------------+-----
Axes           | 5 6 7 |  7.4
Fighting       | |  3.6
Dodging        | |  2.4

Action                     |  1- 3 |  4- 6 || total
---------------------------+-------+-------++-------
  Melee: Hand axe          |   124 |    21 ||   145
         War axe           |       |    34 ||    34
 Armour: Robe              |    48 |       ||    48
         Leather armour    |    20 |    36 ||    56
  Dodge: Dodged            |    70 |    40 ||   110
